Map: Deathaura LE

Players

Cheater 1 (Vision)

  • Race: Zerg Zerg
  • Spawn Location: 11:00

FREElancer - Winner!

  • Race: Terran Terran
  • Spawn Location: 5:00

VOD

Have the link to the VOD?

Description

Time

  • Played on: March 6, 2021, 1:49 p.m.
  • Length: 18:35
Show
View Real Time Build Order
Export as new Build Order

Cheater 1 (Vision) Zerg 

Build Orders: Pool First 

Get SALT Encoding   

  12  0:00  Drone  
  13  0:12  Overlord  
  13  0:16  Drone  
  14  0:31  Drone x2  
  16  0:43  Spawning Pool  
  16  0:45  Drone  
  16  0:49  Drone  
  17  1:10  Hatchery  
  16  1:14  Drone  
  16  1:16  Extractor  
  16  1:19  Drone  
  16  1:22  Drone  
  18  1:28  Drone  
  19  1:38  Overlord  
  19  1:45  Queen  
  21  1:49  Drone  
  22  2:00  Zergling x2  
  23  2:03  Extractor  
  22  2:11  Drone  
  23  2:21  Queen, Drone x2  
  27  2:32  Drone x2  
  27  2:33  Roach Warren  
  28  2:43  Drone x2  
  30  2:52  Zergling x2, Overlord  
  30  2:53  Zergling x2, Drone  
  30  2:56  Drone  
  34  3:04  Zergling x2  
  34  3:14  Roach  
  34  3:15  Roach  
  34  3:16  Roach  
  40  3:22  Lair  
  40  3:24  Roach  
  42  3:27  Overlord  
  42  3:32  Overlord  
  42  3:35  Zergling x2  
  43  3:45  Zergling x4, Drone x2  
  43  3:47  Drone  
  48  3:54  Drone  
  49  3:56  Drone  
  49  4:00  Spore Crawler  
  49  4:04  Spore Crawler  
  49  4:09  Queen  
  50  4:11  Drone  
  50  4:14  Drone  
  52  4:18  Overlord  
  52  4:22  Roach  
  54  4:25  Roach  
  54  4:28  Roach  
  58  4:31  Roach  
  58  4:35  Overlord  
  60  4:41  Hydralisk Den, Drone  
  60  4:43  Drone  
  60  4:45  Drone  
  62  4:48  Roach  
  62  4:52  Roach  
  66  4:55  Overlord  
  66  5:02  Drone  
  66  5:04  Drone  
  66  5:05  Drone  
  69  5:07  Drone  
  69  5:09  Drone  
  69  5:10  Hydralisk  
  69  5:12  Hydralisk  
  75  5:16  Overlord  
  75  5:20  Hydralisk  
  77  5:21  Hydralisk  
  77  5:24  Drone  
  77  5:26  Drone  
  77  5:27  Drone  
  82  5:29  Drone  
  82  5:31  Drone  
  82  5:35  Drone  
  85  5:37  Overlord  
  85  5:38  Overseer  
  85  5:39  Drone  
  85  5:41  Drone  
  87  5:45  Infestation Pit  
  87  5:49  Drone  
  87  5:56  Overlord  
  87  6:00  Metabolic Boost  
  87  6:04  Baneling Nest  
  86  6:05  Evolution Chamber  
  86  6:06  Drone  
  86  6:10  Hatchery  
  85  6:15  Drone  
  86  6:23  Infestor  
  88  6:27  Extractor  
  88  6:30  Zerg Missile Weapons Level 1, Extractor, Drone  
  88  6:32  Evolution Chamber, Drone  
  87  6:38  Evolution Chamber  
  86  6:40  Drone  
  87  6:47  Baneling, Infestor  
  87  6:49  Drone x2  
  87  6:50  Drone  
  87  6:52  Baneling, Drone  
  87  6:53  Drone x2  
  95  6:56  Baneling  
  95  6:57  Zerg Melee Weapons Level 1  
  95  6:58  Baneling  
  95  7:01  Baneling  
  95  7:02  Baneling  
  95  7:05  Baneling  
  95  7:08  Baneling  
  95  7:10  Baneling, Zergling x2, Overlord  
  95  7:12  Baneling  
  95  7:14  Zergling x2  
  95  7:15  Baneling, Zergling x2  
  98  7:17  Baneling  
  98  7:22  Drone x4  
  102  7:23  Drone x4  
  102  7:24  Drone x5  
  102  7:29  Extractor  
  110  7:31  Baneling  
  110  7:32  Baneling x2, Zergling x2, Overlord  
  110  7:33  Baneling  
  110  7:34  Drone  
  112  7:42  Zergling x2, Drone x2  
  112  7:43  Drone  
  111  7:44  Drone  
  111  7:45  Drone  
  111  7:50  Drone  
  111  7:51  Overlord, Drone  
  115  7:53  Drone  
  115  7:55  Drone  
  115  7:57  Drone  
  118  8:01  Baneling x3  
  118  8:02  Baneling x2  
  118  8:03  Centrifical Hooks  
  118  8:04  Zergling x2  
  119  8:06  Zergling x2  
  119  8:08  Hatchery  
  119  8:10  Drone  
  120  8:13  Zergling x4  
  120  8:15  Overlord  
  120  8:16  Zergling x2  
  120  8:17  Zergling x2  
  120  8:19  Zergling x4  
  126  8:22  Zerg Ground Armor Level 1  
  126  8:24  Ravager  
  126  8:25  Baneling x2, Zergling x2, Ravager  
  129  8:27  Baneling  
  129  8:28  Baneling, Zergling x2  
  129  8:29  Hydralisk  
  129  8:33  Hydralisk  
  134  8:36  Overlord  
  134  8:39  Zergling x2  
  134  8:41  Zergling x2  
  136  8:45  Hydralisk x2  
  136  8:47  Extractor  
  139  8:51  Infestor  
  139  8:55  Overlord  
  141  9:02  Infestor  
  141  9:05  Roach  
  141  9:09  Drone x2  
  147  9:10  Drone  
  147  9:11  Spine Crawler, Zergling x2  
  147  9:12  Drone  
  147  9:13  Zergling x2, Overlord  
  142  9:20  Zergling x2, Drone  
  142  9:21  Zergling x6  
  142  9:25  Roach x2  
  141  9:31  Baneling, Zergling x2  
  141  9:32  Zerg Melee Weapons Level 2, Baneling, Extractor  
  141  9:33  Drone  
  141  9:34  Ravager  
  141  9:35  Baneling, Zergling x2  
  141  9:36  Roach, Extractor  
  141  9:37  Drone  
  141  9:38  Baneling x4, Zergling x4  
  145  9:39  Baneling x2  
  145  9:40  Baneling  
  145  9:41  Zergling x2  
  145  9:42  Baneling  
  145  9:43  Zergling x2  
  145  9:44  Baneling  
  145  9:45  Baneling, Zergling x2  
  148  9:47  Baneling  
  148  9:48  Baneling, Zergling x2  
  149  9:53  Spine Crawler, Drone  
  149  9:54  Spine Crawler  
  149  9:55  Drone  
  149  9:57  Zerg Missile Weapons Level 2  
  149  10:00  Spine Crawler, Queen, Drone  
  151  10:07  Pathogen Glands  
  151  10:20  Spine Crawler  
  151  10:21  Drone  
  151  10:22  Spine Crawler  
  151  10:23  Drone  
  151  10:32  Spore Crawler  
  151  10:33  Drone  
  151  10:35  Spore Crawler  
  150  10:36  Drone x2  
  150  10:37  Spore Crawler  
  150  10:38  Drone  
  150  10:39  Spore Crawler  
  150  10:40  Roach, Drone  
  150  10:41  Roach, Overlord  
  150  10:42  Spore Crawler, Drone  
  155  10:45  Roach  
  155  10:47  Hydralisk  
  155  10:49  Hydralisk  
  159  10:50  Overseer  
  159  10:51  Pneumatized Carapace  
  159  10:54  Overseer  
  159  10:55  Hatchery, Drone  
  159  10:56  Spore Crawler  
  160  10:58  Drone  
  161  11:04  Spine Crawler  
  161  11:05  Drone  
  161  11:19  Baneling, Zergling x2  
  161  11:32  Spine Crawler  
  160  11:33  Drone  
  160  11:34  Spine Crawler  
  160  11:35  Spine Crawler, Drone  
  160  11:38  Drone  
  160  11:39  Hive  
  161  11:40  Overlord  
  161  11:41  Spire  
  161  11:43  Drone  
  161  11:58  Zerg Ground Armor Level 2  
  161  12:01  Spine Crawler  
  161  12:02  Drone  
  161  12:10  Spore Crawler  
  161  12:11  Drone  
  161  12:14  Spine Crawler  
  161  12:15  Zergling x2, Drone  
  161  12:16  Spore Crawler  
  161  12:19  Drone  
  161  12:20  Drone  
  161  12:21  Spine Crawler  
  159  12:23  Spore Crawler, Drone  
  159  12:24  Zergling x2, Drone  
  159  12:25  Zergling x4  
  159  12:26  Spine Crawler, Zergling x4  
  159  12:27  Zergling x2, Drone  
  159  12:28  Zergling x6  
  143  12:30  Spore Crawler  
  143  12:31  Roach x2, Drone  
  143  12:32  Spore Crawler, Roach x2  
  143  12:33  Roach  
  143  12:34  Drone  
  143  12:36  Spore Crawler, Drone  
  118  12:38  Baneling, Roach  
  118  12:39  Hydralisk, Baneling  
  118  12:42  Hydralisk  
  109  12:44  Hydralisk  
  109  12:47  Hydralisk  
  109  12:50  Roach  
  111  12:52  Viper, Roach  
  111  12:53  Hydralisk  
  111  12:55  Mutalisk  
  111  12:56  Zergling x4  
  111  12:57  Zerg Missile Weapons Level 3, Zerg Melee Weapons Level 3  
  111  12:58  Hydralisk  
  114  12:59  Roach, Zergling x2  
  114  13:01  Roach  
  114  13:03  Roach, Zergling x4  
  114  13:04  Zergling x6  
  114  13:05  Zergling x2  
  123  13:07  Zergling x2, Roach  
  123  13:10  Roach  
  123  13:11  Mutalisk  
  126  13:13  Roach  
  126  13:14  Overseer  
  126  13:16  Overlord  
  126  13:18  Hydralisk  
  127  13:20  Zergling x2  
  127  13:21  Mutalisk  
  127  13:23  Zergling x2  
  127  13:24  Zergling x2  
  127  13:25  Zergling x2  
  124  13:27  Mutalisk  
  124  13:29  Roach  
  124  13:30  Hydralisk  
  124  13:33  Hydralisk  
  118  13:35  Roach  
  118  13:39  Baneling x2  
  119  13:42  Drone  
  119  13:43  Baneling  
  119  13:44  Hydralisk  
  119  13:46  Hydralisk  
  119  13:48  Zergling x2  
  125  13:49  Zergling x2  
  125  13:50  Zergling x2  
  125  13:51  Zergling x2  
  125  13:52  Zergling x2  
  125  13:53  Zergling x2  
  125  13:54  Zergling x2  
  125  13:55  Zergling x2  
  132  13:59  Mutalisk  
  132  14:01  Roach  
  132  14:02  Roach  
  132  14:04  Mutalisk  
  132  14:06  Roach  
  132  14:08  Roach  
  132  14:09  Roach  
  116  14:11  Roach  
  116  14:13  Roach  
  116  14:14  Roach  
  116  14:15  Hydralisk  
  118  14:18  Hydralisk  
  118  14:19  Hydralisk x2, Zergling x2  
  118  14:20  Zergling x4  
  118  14:21  Zergling x4  
  120  14:25  Hydralisk, Overseer  
  120  14:26  Roach  
  120  14:27  Zergling x2  
  120  14:29  Hydralisk  
  121  14:36  Zergling x8, Mutalisk  
  121  14:38  Overlord  
  126  14:40  Zergling x2  
  126  14:41  Zergling x2  
  126  14:42  Roach  
  126  14:43  Mutalisk  
  117  14:46  Roach  
  117  14:47  Roach  
  117  14:48  Overseer  
  117  14:50  Roach  
  117  14:51  Roach  
  117  14:53  Zergling x2  
  117  14:54  Roach  
  117  14:56  Roach  
  117  14:57  Hydralisk  
  117  14:59  Hydralisk  
  116  15:01  Hydralisk  
  116  15:04  Hydralisk  
  116  15:07  Roach, Zergling x2  
  109  15:08  Overseer  
  108  15:17  Zergling x2  
  108  15:19  Roach  
  104  15:21  Roach  
  104  15:22  Roach  
  104  15:24  Roach  
  104  15:26  Hydralisk  
  106  15:29  Drone  
  107  15:42  Drone  
  107  15:43  Overseer  
  107  15:45  Hydralisk  
  107  15:48  Zergling x2  
  108  15:51  Hydralisk, Zergling x2, Overlord  
  108  15:52  Roach x2  
  108  15:53  Zergling x2  
  108  15:54  Zergling x2  
  108  15:56  Zergling x2  
  112  15:58  Zergling x2  
  112  16:00  Zergling x2  
  112  16:01  Zergling x2  
  115  16:09  Baneling, Zergling x4, Overlord  
  115  16:11  Zergling x2, Overseer  
  118  16:12  Baneling  
  118  16:13  Zergling x2  
  118  16:14  Zergling x2  
  118  16:16  Zergling x2  
  118  16:18  Hydralisk  
  112  16:21  Zergling x2  
  112  16:22  Zergling x2  
  112  16:25  Roach  
  104  16:26  Roach  
  104  16:28  Roach  
  104  16:30  Roach  
  89  16:32  Hydralisk  
  89  16:35  Hydralisk  
  89  16:38  Hydralisk  
  89  16:39  Baneling x2  
  92  16:41  Zergling x2  
  92  16:42  Zergling x2  
  92  16:43  Overseer  
  92  16:44  Roach  
  92  16:46  Roach  
  96  16:48  Roach  
  96  16:50  Roach  
  96  16:52  Roach  
  100  16:54  Hydralisk  
  100  16:57  Roach  
  100  17:00  Zergling x2  
  99  17:02  Roach  
  99  17:07  Zergling x2  
  44  17:18  Drone  
  30  17:26  Zergling x2  
  12  18:03  Drone  
  6  18:05  Drone  
  6  18:07  Drone  
  6  18:08  Drone  
  5  18:23  Drone  
Show
View Real Time Build Order
Export as new Build Order

FREElancer Terran - Winner!

Build Orders: Reaper Expand 

Get SALT Encoding   

  12  0:00  SCV  
  13  0:12  SCV  
  14  0:16  Supply Depot  
  14  0:24  SCV  
  15  0:38  SCV  
  15  0:40  Barracks  
  16  0:45  Refinery  
  16  0:50  SCV  
  17  1:02  SCV  
  18  1:16  SCV  
  19  1:28  Orbital Command  
  19  1:29  Reaper  
  20  1:42  Command Center  
  20  1:52  Supply Depot  
  20  1:55  SCV  
  20  2:01  Marine  
  22  2:07  SCV  
  23  2:09  Factory  
  23  2:15  Refinery  
  23  2:22  SCV  
  24  2:26  Barracks Reactor  
  24  2:34  SCV  
  25  2:46  SCV  
  26  2:55  Command Center  
  26  2:58  Orbital Command, SCV  
  27  3:10  SCV  
  28  3:17  Starport  
  28  3:25  SCV x2  
  30  3:28  Hellion  
  30  3:33  Supply Depot  
  32  3:36  Hellion  
  32  3:37  SCV  
  32  3:38  SCV  
  36  3:49  SCV  
  36  3:50  SCV  
  36  3:54  Starport Tech Lab  
  36  3:55  Supply Depot  
  38  3:56  Hellion  
  38  3:58  Hellion  
  38  4:01  SCV  
  38  4:02  SCV  
  44  4:11  SCV  
  44  4:13  SCV  
  46  4:18  Raven  
  46  4:20  Barracks x2  
  46  4:23  Orbital Command  
  48  4:24  SCV  
  48  4:25  SCV  
  48  4:31  Supply Depot  
  50  4:36  SCV  
  50  4:38  Bunker  
  49  4:42  Bunker  
  49  4:51  SCV x2  
  49  4:52  SCV  
  52  4:58  Marine x2  
  54  5:01  Banshee  
  54  5:03  SCV x2  
  54  5:04  SCV  
  54  5:06  Supply Depot  
  60  5:13  Marine  
  60  5:14  Marine  
  62  5:15  SCV  
  62  5:16  Marine x2, SCV x2  
  62  5:19  Supply Depot  
  67  5:27  SCV  
  68  5:28  SCV  
  68  5:30  SCV  
  68  5:34  Marine x2  
  72  5:40  SCV  
  72  5:41  SCV  
  74  5:42  SCV  
  74  5:47  Barracks Reactor, Barracks Tech Lab  
  75  5:52  Marine x2, SCV  
  75  5:53  SCV  
  75  5:56  SCV  
  80  5:57  Starport Reactor  
  80  6:04  SCV  
  81  6:12  Marine x2  
  81  6:13  Factory Tech Lab  
  81  6:14  Marine  
  81  6:15  Stimpack  
  81  6:17  SCV x3  
  87  6:28  Refinery x2  
  87  6:29  SCV x2  
  87  6:31  Supply Depot  
  87  6:32  Engineering Bay, Marine, SCV  
  91  6:35  Engineering Bay  
  91  6:36  Marine  
  91  6:37  Marine x3  
  95  6:40  Siege Tank  
  95  6:41  SCV  
  95  6:42  Medivac  
  101  6:52  Marine  
  102  6:54  Marine x2  
  102  6:55  Marine x2  
  102  7:00  Terran Infantry Weapons Level 1, Supply Depot  
  106  7:04  Supply Depot  
  106  7:08  Supply Depot, SCV x3  
  109  7:19  Orbital Command  
  109  7:21  Marine x4  
  109  7:22  SCV x2  
  116  7:24  Marauder  
  117  7:33  Siege Tank  
  117  7:34  SCV x2  
  122  7:39  Marine x3  
  119  7:45  SCV  
  119  7:46  SCV x2  
  122  7:54  Marine, Combat Shield  
  122  7:55  Marine  
  122  7:56  Medivac  
  122  7:57  Marine x2  
  131  8:05  Siege Tank  
  131  8:24  Sensor Tower  
  131  8:27  Missile Turret  
  131  8:29  Missile Turret  
  131  8:36  SCV x2  
  131  8:37  Missile Turret, Refinery  
  131  8:38  Refinery  
  133  8:44  Siege Tank, Marine x4, SCV  
  133  8:45  Supply Depot  
  133  8:46  Supply Depot x3  
  141  8:50  Terran Infantry Armor Level 1  
  141  8:52  Armory  
  141  8:58  Marine  
  141  9:06  Barracks  
  141  9:07  Medivac x2, Barracks, Marine x4, SCV x2  
  152  9:16  Siege Tank, Marine, Orbital Command  
  147  9:19  SCV  
  147  9:20  SCV  
  149  9:52  Refinery  
  149  9:54  Supply Depot  
  149  9:55  Supply Depot  
  149  9:56  Supply Depot  
  149  9:57  Supply Depot  
  149  10:00  Sensor Tower  
  149  10:02  Barracks Reactor x2  
  149  10:07  Supply Depot, Terran Infantry Weapons Level 2  
  149  10:16  Siege Tank, Marine x4, SCV  
  149  10:17  Medivac x2, Marine  
  162  10:34  Marine x4  
  162  10:35  Marine  
  167  10:42  Supply Depot  
  166  10:44  Supply Depot  
  166  10:47  Medivac  
  166  10:48  Siege Tank  
  171  10:51  Marine x4  
  171  10:52  Marine  
  171  10:56  Marine x2  
  178  11:04  Marine x2  
  178  11:08  Medivac  
  178  11:09  Marine x4  
  178  11:10  Marine  
  186  11:20  Siege Tank  
  189  11:32  Marine x5  
  192  11:33  Marine x4  
  198  11:50  Marine x2  
  190  12:28  Marine  
  190  12:29  Marine x2  
  180  12:34  Marine x5  
  180  12:35  Marine  
  180  12:36  Siege Tank, Medivac  
  167  12:37  Medivac  
  159  12:46  Marine x2  
  159  12:47  Marine  
  161  12:52  Marine x6  
  163  13:04  Marine x3  
  164  13:07  Barracks  
  164  13:08  Siege Tank, Barracks  
  164  13:09  Marine  
  164  13:11  Barracks  
  164  13:12  Command Center  
  168  13:13  Marine x4  
  168  13:14  Marine  
  168  13:15  Command Center  
  168  13:16  Medivac  
  168  13:17  Medivac  
  177  13:22  Marine x3  
  178  13:27  Marine  
  178  13:31  Marine x5  
  183  13:40  Siege Tank, Marine x3  
  189  13:45  Marine  
  189  13:46  Medivac  
  192  13:49  Marine x5  
  197  13:58  Marine x3  
  197  14:01  Barracks Reactor x2  
  197  14:03  Marine  
  197  14:06  Marine  
  198  14:11  Refinery  
  198  14:13  Refinery  
  198  14:19  Marine, Bunker  
  198  14:20  Marine x2  
  200  14:44  Marine  
  200  14:45  Marine x3  
  199  14:54  Marine  
  181  16:29  Marine x2  
  181  16:30  Marine x6  
  181  16:31  Marine  
  188  16:42  Marine x3  
  182  17:22  Marine x3  
  179  17:27  Marine x4  
  179  17:28  Marine x6  
  184  18:03  Marine x3  
  184  18:04  Marine x7  
Tags
 
Add a new tag
Caveats
  • Supply blocks, unpowered buildings, or Contaminate may cause inaccurate times.
  • Supply counts are checked every 10 seconds.